 Dungeon Crawl Stone Soup version 0.22.0 (webtiles) character file.

114 dysrexia the Fighter (level 4, 0/48 HPs)
             Began as a Gnoll Wanderer on Aug 11, 2018.
             Killed by divine providence
             ... invoked by an orc priest
              (13 damage)
             ... on level 3 of the Dungeon.
             The game lasted 00:07:36 (2542 turns).

dysrexia the Fighter (Gnoll Wanderer)               Turns: 2542, Time: 00:07:36

Health: 0/48       AC:  6    Str: 15    XL:     4   Next: 98%
Magic:  6/6        EV: 11    Int: 13    God:
Gold:   169        SH:  0    Dex: 16    Spells: 5/5 levels left

rFire    . . .     SeeInvis .   a - +2 spear
rCold    . . .     Gourm    .   (no shield)
rNeg     + . .     Faith    .   q - +0 ring mail (curse)
rPois    .         Spirit   .   (no helmet)
rElec    .         Reflect  .   (no cloak)
rCorr    .         Harm     .   (no gloves)
MR       .....                  (no boots)
Stlth    ++........             (no amulet)
HPRegen  0.16/turn              m - ring of positive energy
MPRegen  0.10/turn              (no ring)

@: no status effects
A: distributed training, fangs 1, strong nose
a: no special abilities


You were on level 3 of the Dungeon.
You were not hungry.

You visited 1 branch of the dungeon, and saw 3 of its levels.

You collected 169 gold pieces.

Inventory:

Hand Weapons
 a - a +2 spear (weapon)
 b - a +0 hand crossbow
Missiles
 c - 33 bolts
 j - 13 poisoned needles
Armour
 e - a +0 robe
 p - a +0 chain mail
 q - a cursed +0 ring mail (worn)
Jewellery
 m - a ring of positive energy (left hand)
Scrolls
 g - 2 scrolls of remove curse
 h - a scroll of magic mapping
 l - 4 scrolls of enchant weapon {unknown}
 r - a scroll of noise {unknown}
Potions
 d - 5 potions of curing
 i - 2 potions of cancellation
 k - a potion of heal wounds
 o - a potion of mutation
 s - 2 potions of flight {unknown}
Comestibles
 f - 8 rations
 n - 5 chunks of flesh


   Skills:
 + Level 10.4 Fighting
 + Level 1.2 Short Blades
 + Level 1.2 Long Blades
 + Level 1.2 Axes
 + Level 1.2 Maces & Flails
 + Level 1.2 Polearms
 + Level 1.2 Staves
 + Level 1.2 Slings
 + Level 1.2 Bows
 + Level 1.2 Crossbows
 + Level 2.8 Throwing
 + Level 4.7 Armour
 + Level 1.2 Dodging
 + Level 2.6 Stealth
 + Level 1.2 Shields
 + Level 1.2 Unarmed Combat
 + Level 1.2 Spellcasting
 + Level 1.0 Conjurations
 + Level 1.0 Hexes
 + Level 1.0 Charms
 + Level 1.0 Summonings
 + Level 1.0 Necromancy
 + Level 1.0 Translocations
 + Level 1.0 Transmutations
 + Level 1.0 Fire Magic
 + Level 1.0 Ice Magic
 + Level 1.0 Air Magic
 + Level 1.0 Earth Magic
 + Level 1.0 Poison Magic
 + Level 1.4 Invocations
 + Level 2.8 Evocations


You had 5 spell levels left.
You didn't know any spells.
Your spell library was empty.

Dungeon Overview and Level Annotations

Branches:
Dungeon (3/15)

Altars:
Gozag


Innate Abilities, Weirdness & Mutations

Your experience applies equally to all skills.
You have very sharp teeth.
Your uncanny sense of smell can sniff out nearby items.


Message History

* * * LOW HITPOINT WARNING * * *
You hit the orc priest.
You bite the orc priest, but do no damage.
The orc priest is severely wounded.
An orc comes into view. It is wielding a club.
The orc priest barely misses you.
The orc shouts!
You hit the orc priest.
The orc priest is severely wounded.
The orc priest closely misses you.
You hit the orc priest but do no damage.
Your bite misses the orc priest.
The orc priest is severely wounded.
The orc priest hits you with a mace.
* * * LOW HITPOINT WARNING * * *
You completely miss the orc priest.
The orc priest is severely wounded.
The orc priest mumbles some strange prayers to Beogh against you.
Beogh smites you!
You die...

.......#####)# *,
###..........# *,
####.####..###### *, #.#
#.......# *, #.#
#.#####.# *, #.# #.# #.#
*, ##.#* #.# #.# *******,
###.#.###.#####.#
*,,,,,,,
##..###........@.#
*,******
##....#.#########.# *,*
....)#.#* #o# *,*
##...#.# *****#o#*** *,*
*###.#,# *,,,,...,,* *,*
,,,....* *,***#.#*,* *,*
***#.### *∆*
*#.#*,*****,*
#.#******,***.#.,,,,,,,,*
*.#*,,∆,,,,,,.,#*,*******


You could see an orc priest and an orc.

Vanquished Creatures
  4 adders
  A worm (D:3)
  A dart slug (D:2)
  2 leopard geckos (D:2)
  2 orcs (D:3)
  9 bats
  5 giant cockroaches
  4 goblins
  3 hobgoblins
  12 jackals
  2 quokkas (D:2)
  2 ball pythons (D:1)
  3 frilled lizards
  6 kobolds
  8 rats
64 creatures vanquished.

Notes
Turn   | Place    | Note
-------+----------+-------------------------------------------
     0 | D:1      | Reached skill level 10 in Fighting
     0 | D:1      | dysrexia the Gnoll Wanderer began the quest for the Orb.
     0 | D:1      | dysrexia set off with: a +2 spear, a +0 hand crossbow, 20 bolts, a potion of curing, a +0 robe, a ration
     0 | D:1      | Reached XP level 1. HP: 28/28 MP: 2/2
   110 | D:1      | Reached XP level 2. HP: 10/36 MP: 3/3
   720 | D:1      | Reached XP level 3. HP: 41/42 MP: 4/4
  1197 | D:2      | Reached skill level 1 in Invocations
  1662 | D:2      | Reached skill level 1 in Short Blades
  1662 | D:2      | Reached skill level 1 in Long Blades
  1662 | D:2      | Reached skill level 1 in Axes
  1662 | D:2      | Reached skill level 1 in Maces & Flails
  1662 | D:2      | Reached skill level 1 in Polearms
  1662 | D:2      | Reached skill level 1 in Staves
  1662 | D:2      | Reached skill level 1 in Slings
  1662 | D:2      | Reached skill level 1 in Bows
  1662 | D:2      | Reached skill level 1 in Crossbows
  1662 | D:2      | Reached skill level 1 in Dodging
  1662 | D:2      | Reached skill level 1 in Shields
  1662 | D:2      | Reached skill level 1 in Unarmed Combat
  1662 | D:2      | Reached skill level 1 in Spellcasting
  1849 | D:2      | Reached XP level 4. HP: 48/48 MP: 6/6
  1941 | D:2      | Found an opulent altar of Gozag.
  2295 | D:3      | Reached skill level 1 in Conjurations
  2295 | D:3      | Reached skill level 1 in Hexes
  2295 | D:3      | Reached skill level 1 in Charms
  2295 | D:3      | Reached skill level 1 in Summonings
  2295 | D:3      | Reached skill level 1 in Necromancy
  2295 | D:3      | Reached skill level 1 in Translocations
  2295 | D:3      | Reached skill level 1 in Transmutations
  2295 | D:3      | Reached skill level 1 in Fire Magic
  2295 | D:3      | Reached skill level 1 in Ice Magic
  2295 | D:3      | Reached skill level 1 in Air Magic
  2295 | D:3      | Reached skill level 1 in Earth Magic
  2295 | D:3      | Reached skill level 1 in Poison Magic
  2542 | D:3      | Killed from afar by an orc priest

Skill      XL: |  1  2  3  4 |
---------------+-------------+-----
Fighting       | | 10.4
Invocations    | 1 |  1.4
Short Blades   | 1 |  1.2
Long Blades    | 1 |  1.2
Axes           | 1 |  1.2
Maces & Flails | 1 |  1.2
Polearms       | 1 |  1.2
Staves         | 1 |  1.2
Slings         | 1 |  1.2
Bows           | 1 |  1.2
Crossbows      | 1 |  1.2
Dodging        | 1 |  1.2
Shields        | 1 |  1.2
Unarmed Combat | 1 |  1.2
Spellcasting   | 1 |  1.2
Conjurations   | 1 |  1.0
Hexes          | 1 |  1.0
Charms         | 1 |  1.0
Summonings     | 1 |  1.0
Necromancy     | 1 |  1.0
Translocations | 1 |  1.0
Transmutations | 1 |  1.0
Fire Magic     | 1 |  1.0
Ice Magic      | 1 |  1.0
Air Magic      | 1 |  1.0
Earth Magic    | 1 |  1.0
Poison Magic   | 1 |  1.0
Throwing       | |  2.8
Armour         | |  4.7
Stealth        | |  2.6
Evocations     | |  2.8

Action                   |  1- 3 |  4- 6 || total
-------------------------+-------+-------++-------
Melee: Spear             |   116 |    88 ||   204
       Bite              |     5 |     9 ||    14
  Use: Scroll            |       |     5 ||     5
 Stab: Sleeping          |     5 |     2 ||     7
  Eat: Chunk             |     3 |     2 ||     5
Armor: Robe              |    14 |       ||    14
       Chain mail        |     5 |    17 ||    22
       Ring mail         |       |    12 ||    12
Dodge: Dodged            |    55 |    38 ||    93
